 Dungeon Crawl Stone Soup version 0.19.0-20-gbc5f0c6 (console) character file.

80173 Kloppie the Severer (level 15, -1/131 HPs)
             Began as a Demonspawn Berserker on Nov 17, 2016.
             Was a High Priest of Trog.
             Slain by a dire elephant (7 damage)
             ... on level 6 of the Lair of Beasts.
             The game lasted 00:46:19 (29534 turns).

Kloppie the Severer (Demonspawn Berserker)         Turns: 29534, Time: 00:46:20

Health: -1/131     AC: 31    Str: 19    XL:     15   Next: 23%
Magic:  15/15      EV:  7    Int:  8    God:    Trog [*****.]
Gold:   839        SH:  0    Dex: 18    Spells: 0 memorised, 14 levels left

rFire  + . .     SeeInvis +     a - +0 war axe (freeze)
rCold  . . .     Gourm    +     f - +3 plate armour {rPois}
rNeg   . . .     Faith    .     (no shield)
rPois  +         Spirit   .     (helmet unavailable)
rElec  .         Reflect  .     B - +2 cloak
rCorr  +         Harm     .     v - +1 pair of gloves
MR     ++...                    P - +2 pair of boots
Stlth  ..........               K - amulet of the gourmand
                                T - ring of protection from magic
                                t - ring of resist corrosion

@: no status effects
A: antennae 3, iridescent scales 2, fire resistance 1, powered by pain 2
a: Berserk, Trog's Hand, Brothers in Arms, Burn Spellbooks, Renounce Religion


You were on level 6 of the Lair of Beasts.
You worshipped Trog.
Trog was extremely pleased with you.
You were completely stuffed.

You visited 3 branches of the dungeon, and saw 23 of its levels.

You collected 2292 gold pieces.
You spent 1453 gold pieces at shops.

Inventory:

Hand Weapons
 a - a +0 war axe of freezing (weapon)
 b - a +5 morningstar
 N - a +2 battleaxe of freezing
 U - a +2 executioner's axe of freezing
Armour
 f - a +3 plate armour of poison resistance (worn)
 v - a +1 pair of gloves (worn)
 B - a +2 cloak (worn)
 P - a +2 pair of boots (worn)
Jewellery
 t - a ring of resist corrosion (left hand)
 G - an uncursed ring of positive energy
 K - an amulet of the gourmand (around neck)
 Q - an uncursed ring of poison resistance
 T - a ring of protection from magic (right hand)
Wands
 l - a wand of lightning (5/15)
 C - a wand of random effects (27/48)
 D - a wand of confusion (22/48)
 M - a wand of enslavement (13/24)
 V - a wand of slowing (30/48)
 W - a wand of iceblast (9/15)
Scrolls
 e - 2 scrolls of identify
 o - 11 scrolls of teleportation
 p - 4 scrolls of remove curse
 r - 2 scrolls of enchant armour
 u - 2 scrolls of blinking
 w - a scroll of enchant weapon
 y - a scroll of magic mapping
 z - a scroll of fog
Potions
 h - 3 potions of invisibility
 i - 3 potions of flight
 j - 3 potions of cure mutation
 m - 2 potions of agility
 q - 2 potions of berserk rage
 x - 2 potions of curing
 E - 4 potions of might
 F - 2 potions of haste
 H - 3 potions of resistance
 I - 2 potions of mutation
 J - 2 potions of brilliance
 L - a potion of cancellation
 O - a potion of ambrosia
 R - a potion of experience {unknown}
Miscellaneous
 g - a box of beasts
Comestibles
 c - 15 bread rations
 d - 15 beef jerkies
 k - a royal jelly
 n - 17 fruits
 s - 12 meat rations
 A - 8 slices of pizza


   Skills:
 + Level 16.0 Fighting
 - Level 16.2 Axes
 + Level 11.4 Armour
 - Level 1.7 Dodging


You had 14 spell levels left.
You didn't know any spells.

Dungeon Overview and Level Annotations

Branches:
Dungeon (15/15)            Temple (0/1) D:5            Lair (6/6) D:8
 Shoals (0/4) Lair:4       Spider (0/4) Lair:2        Slime (0/5) Lair:6
    Orc (2/2) D:11            Elf (0/3) Orc:2
 Vaults: D:13-14     Depths: D:15

Altars:
Ashenzari
Cheibriados
Dithmenos
Elyvilon
Kikubaaqudgha
Makhleb
Nemelex Xobeh
Okawaru
Trog
Yredelemnul
Zin
The Shining One
Jiyva

Shops:
D:5 %[   D:11 :   D:13 [:=[}   Orc:2 (:%!

Portals:
Pandemonium: Orc:2

Annotations:
D:13 exclusions: oklob plant and oklob sapling


Innate Abilities, Weirdness & Mutations

You have a pair of large antennae on your head. (SInv)
You are mostly covered in iridescent scales. (AC +4)
Your flesh is heat resistant. (rF+)
You sometimes gain power by taking damage.


Message History

You hit the dire elephant. You freeze the dire elephant.
The dire elephant is almost dead.
The dire elephant tramples you but does no damage.
The dire elephant trunk-slaps you but does no damage.
You hit the dire elephant. You freeze the dire elephant.
The dire elephant is almost dead.
The dire elephant tramples you!
* * * LOW HITPOINT WARNING * * *
You hold your ground!
The dire elephant trunk-slaps you but does no damage.
Your unstable footing causes you to fumble your attack.
The dire elephant tramples you.
* * * LOW HITPOINT WARNING * * *
You hold your ground!
The dire elephant barely misses you.
Your unstable footing causes you to fumble your attack.
You hit the dire elephant. You freeze the dire elephant.
The dire elephant is almost dead.
The dire elephant tramples you but does no damage.
The dire elephant trunk-slaps you!
You die...

####### ###.....# #.......###
..........## ♣##....#...#
###'##''############### #######
#8.8#....8##.≈≈##....###...##.
#...#.P...'÷Y@≈≈'.....#.....'.
#.#.####.8#.≈≈≈≈'....)#{....#÷
#+#...P####.≈≈≈≈#...[##.....##
####....#≈≈≈≈.#######.....#.
####.###≈.###8.8###..###.
#♣♣♣##..P#####8.⌠.8#####..P
##♣....###.................##
####♣.......♣########'''########♣
............................♣....


You could see a dire elephant.

Vanquished Creatures
  Agnes (D:14)
  An orc warlord (Orc:1)
  Nessos (D:14)
  Azrael (D:14)
  2 dire elephants (Lair:6)
  Harold (Lair:4)
  8 hydras
  2 centaur warriors (D:10)
  An anaconda (Lair:6)
  2 tengu warriors (D:14)
  A death yak (Lair:4)
  6 orc high priests
  A sun demon (Orc:2)
  An infernal demonspawn (Orc:2)
  A torturous demonspawn (Orc:2)
  7 orc knights
  A lindwurm (Lair:5)
  2 deep elf magi
  2 hill giants
  8 orc sorcerers
  A cyclops (D:13)
  9 elephants (Lair:6)
  2 ugly things
  2 centaur zombies
  7 black mambas
  A torpor snail (Lair:4)
  An orange demon (Orc:2)
  11 spiny frogs
  3 gargoyles
  3 rime drakes
  7 komodo dragons
  An efreet (D:15)
  2 hellwings (Orc:2)
  A jumping spider (Lair:2)
  6 trolls
  2 hornets (D:13)
  3 two-headed ogres
  Grinder (D:3)
  9 blink frogs
  A meliai zombie (D:13)
  4 hippogriffs
  Sigmund (D:4)
  2 redbacks (Lair:2)
  A shadow (D:14)
  4 wyverns
  2 wraiths (D:14)
  A hill giant zombie (D:11)
  A water elemental (D:15)
  39 yaks
  2 fire elementals
  A basilisk (Lair:2)
  A chaos spawn (Orc:2)
  3 vampire mosquitoes (D:14)
  5 hungry ghosts
  10 wargs
  A soldier ant (D:13)
  18 water moccasins
  11 porcupines
  3 hell hounds (D:14)
  A hornet zombie (D:12)
  34 orc warriors
  4 necrophages
  5 sky beasts
  A swamp drake (shapeshifter) (D:14)
  A black bear (D:13)
  2 eyes of draining
  A phantom (D:11)
  4 ice beasts
  9 ogres
  22 wolves
  8 centaurs
  18 crocodiles
  The ghost of RaHiT the Magician, an amateur OpIE (D:3)
  A big kobold (D:8)
  13 bullfrogs
  3 wyvern zombies
  2 scorpions
  A wyvern skeleton (D:12)
  6 killer bees (D:11)
  4 howler monkeys
  8 wights
  6 crimson imps
  5 lava snakes (D:11)
  A bullfrog zombie (D:11)
  9 hounds
  6 centaur skeletons
  31 orc priests
  A gnoll shaman (D:5)
  3 jellies
  18 orc wizards
  A bullfrog skeleton (D:10)
  5 iguanas
  4 worker ants
  5 hell rats (Lair:3)
  7 ogre zombies (D:11)
  A hound zombie (D:8)
  2 hound skeletons
  15 gnolls
  18 adders
  3 shadow imps
  An ooze (D:6)
  4 adder skeletons
  3 worms
  A dart slug (D:3)
  5 leopard geckos
  110 orcs
  7 bats
  3 giant cockroaches
  9 goblins
  8 hobgoblins
  4 jackals
  2 quokkas
  8 ball pythons
  7 frilled lizards
  A goblin skeleton (D:11)
  A goblin zombie (D:11)
  A hobgoblin skeleton (D:11)
  3 hobgoblin zombies (D:11)
  16 kobolds
  A leopard gecko skeleton (D:4)
  5 orc skeletons (D:11)
  14 orc zombies (D:11)
  6 rats
  6 fungi
  8 plants
757 creatures vanquished.

Vanquished Creatures (collateral kills)
  An ice dragon (D:14)
  An orc sorcerer (Orc:2)
2 creatures vanquished.

Vanquished Creatures (others)
  An unseen horror (D:13)
  An orc priest (Orc:2)
  3 fungi
  5 plants
10 creatures vanquished.

Grand Total: 769 creatures vanquished

Notes
Turn   | Place    | Note
-------+----------+-------------------------------------------
     0 | D:1      | Kloppie the Demonspawn Berserker began the quest for the Orb.
     0 | D:1      | Reached XP level 1. HP: 18/18 MP: 1/1
   381 | D:1      | Gained mutation: You sometimes gain a little power by taking damage. [demonic ancestry]
   381 | D:1      | Reached XP level 2. HP: 24/24 MP: 2/2
   866 | D:2      | Gained mutation: You have a pair of small antennae on your head. [demonic ancestry]
   866 | D:2      | Reached XP level 3. HP: 20/29 MP: 3/3
   927 | D:2      | Found a glowing golden altar of the Shining One.
   933 | D:2      | Reached ** piety under Trog
  1409 | D:2      | Reached XP level 4. HP: 31/37 MP: 4/4
  1500 | D:2      | Found a white marble altar of Elyvilon.
  1936 | D:3      | Noticed Grinder
  1947 | D:3      | Killed Grinder
  1947 | D:3      | Reached skill level 5 in Fighting
  1947 | D:3      | Reached skill level 5 in Axes
  1947 | D:3      | Gained mutation: You have a pair of antennae on your head. [demonic ancestry]
  1947 | D:3      | Reached XP level 5. HP: 44/44 MP: 5/5
  1947 | D:3      | Reached XP level 6. HP: 51/51 MP: 6/6
  2159 | D:3      | Noticed RaHiT's ghost (amateur OpIE)
  2167 | D:3      | Killed RaHiT's ghost
  2384 | D:4      | Gained mutation: You are partially covered in iridescent scales. (AC +2) [demonic ancestry]
  2384 | D:4      | Reached XP level 7. HP: 34/58 MP: 7/7
  2583 | D:4      | Noticed Sigmund
  2594 | D:4      | Killed Sigmund
  2720 | D:4      | Reached *** piety under Trog
  3063 | D:4      | Found a sparkling altar of Nemelex Xobeh.
  3078 | D:4      | Reached XP level 8. HP: 46/65 MP: 8/8
  3324 | D:5      | Entered Level 5 of the Dungeon
  3621 | D:5      | Found a staircase to the Ecumenical Temple.
  3639 | D:5      | Found Cyl Dyaw's Antique Armour Emporium.
  3645 | D:5      | Bought a glowing cloak for 231 gold pieces
  3829 | D:5      | Found Siubb's Food Boutique.
  4206 | D:5      | Found a faded altar of an unknown god.
  4206 | D:5      | Found a faded altar of an unknown god.
  4211 | D:5      | Found a faded altar of an unknown god.
  4213 | D:5      | Found a faded altar of an unknown god.
  4214 | D:5      | Found a glowing silver altar of Zin.
  5132 | D:6      | Reached **** piety under Trog
  5272 | D:6      | Reached XP level 9. HP: 58/72 MP: 9/9
  5494 | D:6      | Found a shadowy altar of Dithmenos.
  5588 | D:7      | Found an ancient bone altar of Kikubaaqudgha.
  5590 | D:7      | Found a snail-covered altar of Cheibriados.
  6142 | D:7      | Reached skill level 5 in Armour
  6399 | D:8      | Found a staircase to the Lair.
  6715 | D:8      | Reached ***** piety under Trog
  7291 | D:8      | Found a basalt altar of Yredelemnul.
  7846 | D:9      | Found a shattered altar of Ashenzari.
  8299 | D:9      | Gained mutation: Your flesh is heat resistant. (rF+) [demonic ancestry]
  8299 | D:9      | Reached XP level 10. HP: 60/78 MP: 10/10
  8506 | D:9      | Found a burning altar of Makhleb.
  8649 | D:10     | Entered Level 10 of the Dungeon
  8714 | D:10     | Reached skill level 10 in Axes
  8840 | D:10     | Noticed a hill giant
  8852 | D:10     | Killed a hill giant
  9266 | D:10     | Noticed a centaur warrior
  9289 | D:10     | Killed a centaur warrior
  9454 | D:10     | Noticed a centaur warrior
  9464 | D:10     | Killed a centaur warrior
  9480 | D:10     | Noticed a gargoyle
  9781 | D:10     | Killed a gargoyle
 10459 | Lair:1   | Entered Level 1 of the Lair of Beasts
 10628 | D:8      | Gained mutation: You have a pair of large antennae on your head. (SInv) [demonic ancestry]
 10628 | D:8      | Reached XP level 11. HP: 66/83 MP: 11/11
 10629 | D:8      | Received a gift from Trog
 11662 | Lair:1   | Found an iron altar of Okawaru.
 12304 | Lair:2   | Noticed an eight-headed hydra
 12315 | Lair:2   | Killed an eight-headed hydra
 12377 | Lair:2   | Noticed a six-headed hydra
 12397 | Lair:2   | Killed a six-headed hydra
 12597 | Lair:2   | Noticed a six-headed hydra
 12614 | Lair:2   | Killed a six-headed hydra
 12984 | Lair:2   | Found a hole to the Spider Nest.
 13807 | Lair:3   | Reached XP level 12. HP: 61/97 MP: 12/12
 13822 | Lair:3   | Reached skill level 10 in Fighting
 13946 | Lair:3   | Noticed a four-headed hydra
 13966 | Lair:3   | Killed a four-headed hydra
 14260 | Lair:3   | Received a gift from Trog
 15268 | Lair:4   | Noticed a six-headed hydra
 15291 | Lair:4   | Killed a six-headed hydra
 15680 | D:5      | Bought a transparent plate armour for 616 gold pieces
 15690 | D:5      | Identified the +5 plate armour of the Ditch-Digger {Dex+4} (You bought it in a shop on level 5 of the Dungeon)
 15915 | Lair:4   | Noticed Harold
 15963 | Lair:4   | Killed Harold
 16272 | Lair:4   | Noticed a death yak
 16555 | Lair:4   | Found a staircase to the Shoals.
 16623 | Lair:4   | Killed a death yak
 16682 | Lair:4   | Noticed a five-headed hydra
 16723 | Lair:4   | Killed a five-headed hydra
 17410 | Lair:5   | Reached XP level 13. HP: 82/108 MP: 13/13
 18073 | Lair:5   | Received a gift from Trog
 18621 | D:11     | Found a staircase to the Orcish Mines.
 18868 | D:11     | Received a gift from Trog
 19118 | D:11     | Found Ceal's Book Shop.
 19811 | D:12     | Reached ****** piety under Trog
 19830 | D:12     | Found a bloodstained altar of Trog.
 20286 | D:13     | Found Onky's Book Boutique.
 20298 | D:13     | Found Nycsek's Antique Armour Boutique.
 20319 | D:13     | Bought a faintly glowing chain mail for 247 gold pieces
 20329 | D:13     | Identified the cursed +1 chain mail "Viffucae" {*Slow rElec rC+++ Str-5} (You bought it in a shop on level 13 of the Dungeon)
 20533 | D:5      | Bought a pair of runed boots for 231 gold pieces
 21168 | D:13     | Found Kunuar's Gadget Emporium.
 21170 | D:13     | Found Ywaanted's Armour Boutique.
 21262 | D:13     | Found Xuarum's Jewellery Boutique.
 21273 | D:13     | Bought a cursed -3 ring of dexterity for 28 gold pieces
 21301 | D:13     | Reached skill level 15 in Axes
 21757 | D:13     | Received a gift from Trog
 22145 | Orc:1    | Entered Level 1 of the Orcish Mines
 22228 | Orc:1    | Received a gift from Trog
 22372 | Orc:1    | Noticed an orc warlord
 22425 | Orc:1    | Killed an orc warlord
 22719 | Orc:2    | Entered Level 2 of the Orcish Mines
 22719 | Orc:2    | Found a staircase to the Elven Halls.
 23224 | Orc:2    | Gained mutation: You sometimes gain power by taking damage. [demonic ancestry]
 23224 | Orc:2    | Reached XP level 14. HP: 117/120 MP: 14/14
 23918 | Orc:2    | Found Ciwo's Distillery.
 23940 | Orc:2    | Received a gift from Trog
 23975 | Orc:2    | Found Godghunaa's Food Shop.
 24120 | Orc:2    | Bought 2 potions of heal wounds for 100 gold pieces
 26134 | Orc:2    | Found Zuibiany's Antique Weapon Emporium.
 26134 | Orc:2    | Found Licewe's Book Shoppe.
 26141 | Orc:2    | Found a one-way gate leading to the halls of Pandemonium.
 26360 | D:14     | Received a gift from Trog
 26364 | D:14     | Noticed Azrael
 26397 | D:14     | Killed Azrael
 26444 | D:14     | Reached skill level 15 in Fighting
 26478 | D:14     | Noticed Agnes
 26483 | D:14     | Reached skill level 10 in Armour
 26772 | D:14     | Killed Agnes
 26797 | D:14     | Noticed Nessos
 26812 | D:15     | Entered Level 15 of the Dungeon
 26814 | D:15     | HP: 4/123 [efreet/bolt of fire (15)]
 26823 | D:15     | HP: 5/123 [efreet/fireball (7)]
 27158 | D:14     | Killed Nessos
 27868 | Lair:6   | Entered Level 6 of the Lair of Beasts
 27961 | Lair:6   | Found a viscous altar of Jiyva.
 27961 | Lair:6   | Found a staircase to the Slime Pits.
 28311 | Lair:6   | Gained mutation: You are mostly covered in iridescent scales. (AC +4) [demonic ancestry]
 28311 | Lair:6   | Reached XP level 15. HP: 87/130 MP: 15/15
 29532 | Lair:6   | HP: 5/131 [dire elephant (4)]
 29534 | Lair:6   | Slain by a dire elephant

Skill      XL: |  1  2  3  4  5  6  7  8  9 10 11 12 13 14 15 |
---------------+----------------------------------------------+-----
Axes           | 3 5 6 8 9 11 12 14 15 16 | 16.2
Fighting       | 5 6 7 9 12 14 15 16 | 16.0
Armour         | 4 6 9 10 11 | 11.4
Dodging        | |  1.7

Action                   |  1- 3 |  4- 6 |  7- 9 | 10-12 | 13-15 || total
-------------------------+-------+-------+-------+-------+-------++-------
Melee: Hand axe          |   111 |   134 |   671 |   644 |       ||  1560
       Morningstar       |       |       |       |    58 |    14 ||    72
       War axe           |       |       |       |    95 |  1708 ||  1803
Invok: Berserk           |     2 |     4 |     9 |    16 |    12 ||    43
       Trog's Hand       |       |     1 |       |     4 |    16 ||    21
       Brothers in Arms  |       |       |       |       |     4 ||     4
Evoke: Wand              |       |       |       |     1 |       ||     1
  Use: Scroll            |       |       |    18 |    13 |    10 ||    41
       Potion            |       |       |       |     2 |     9 ||    11
  Eat: Chunk             |     4 |     6 |    44 |    45 |    97 ||   196
       Royal jelly       |       |       |       |       |     2 ||     2
       Fruit             |       |       |       |       |     1 ||     1
Armor: Animal skin       |     2 |       |       |       |       ||     2
       Scale mail        |    38 |    35 |       |       |       ||    73
       Chain mail        |       |    33 |   254 |       |       ||   287
       Plate armour      |       |       |    78 |   604 |  1178 ||  1860
Dodge: Dodged            |    73 |    71 |   228 |   288 |   539 ||  1199
